 Dungeon Crawl Stone Soup version 0.32-a0-18-g89e19f1974 (console) character file.

Game seed: 9473331166073566517

4630 Ignak the Magician (level 10, -5/74 HPs)
             Began as a Gnoll Air Elementalist on Jan 16, 2024.
             Was a Follower of Sif Muna.
             Slain by a killer bee (7 damage)
             ... on level 8 of the Dungeon.
             The game lasted 00:29:12 (9792 turns).

Ignak the Magician (Gnoll Air Elementalist)         Turns: 9792, Time: 00:29:13

Health: -5/74      AC:  6    Str:  7    XL:     10   Next: 42%
Magic:  13/21      EV: 12    Int: 20    God:    Sif Muna [*.....]
Gold:   1384       SH:  0    Dex: 12    Spells: 6/24 levels left

rFire   . . .        a - +8 arc blade {discharge, rElec}
rCold   . . .        (no shield)
rNeg    . . .        u - +0 ring mail
rPois   .            (no helmet)
rElec   +            (no cloak)
rCorr   +            (no gloves)
SInv    .            (no boots)
Will    .....        (no amulet)
Stlth   +++          h - ring of resist corrosion
HPRegen 0.32/turn    x - ring of flight
MPRegen 0.17/turn

%: no passive effects
@: lethally poisoned (-5 -> -14), flying
A: fangs 1, strong nose, distributed training
a: Renounce Religion, Channel Magic


You were on level 8 of the Dungeon.
You worshipped Sif Muna.
Sif Muna was aware of your devotion.
You visited 2 branches of the dungeon, and saw 9 of its levels.
You also visited: Ossuary.

You collected 1520 gold pieces.
You spent 136 gold pieces at shops.

Inventory:

Hand Weapons
 a - the +8 arc blade (weapon) {discharge, rElec}
   (You acquired it on level 7 of the Dungeon)

   rElec:     It insulates you from electricity.
 b - the +5 falchion "Hietar" {pain, *Noise rC+ Str+5 Dex+2}
   (You found it on level 7 of the Dungeon)

   Str+5:     It affects your strength (+5).
   Dex+2:     It affects your dexterity (+2).
   rC+:       It protects you from cold.
   *Noise:    It may make a loud noise when swung.
Missiles
 E - a poisoned dart (quivered)
Armour
 u - a +0 ring mail (worn)
 D - a +0 leather armour of cold resistance
Jewellery
 h - a ring of resist corrosion (left hand)
 x - a ring of flight (right hand)
Wands
 w - a wand of polymorph (9)
 y - a wand of flame (19)
 F - a wand of roots (20)
Scrolls
 c - a scroll of enchant weapon
 d - 2 scrolls of vulnerability
 j - 2 scrolls of butterflies {unknown}
 k - 2 scrolls of noise
 n - 3 scrolls of fear
 o - a scroll of poison
 p - 2 scrolls of enchant armour
 q - 3 scrolls of blinking
 s - 3 scrolls of teleportation
 t - 2 scrolls of amnesia
 G - a scroll of revelation
Potions
 e - 2 potions of cancellation {unknown}
 f - a potion of invisibility {unknown}
 g - a potion of ambrosia {unknown}
 i - 2 potions of degeneration {unknown}
 l - 3 potions of haste {unknown}
 m - a potion of lignification {unknown}
 r - a potion of might {unknown}
 v - 2 potions of mutation {unknown}
 z - 2 potions of heal wounds {unknown}
 A - 3 potions of curing
 B - 3 potions of berserk rage {unknown}
 C - a potion of enlightenment {unknown}


   Skills:
 + Level 5.4 Fighting
 + Level 5.4 Short Blades
 + Level 5.4 Long Blades
 + Level 5.4 Axes
 + Level 5.4 Maces & Flails
 + Level 5.4 Polearms
 + Level 5.4 Staves
 + Level 5.4 Ranged Weapons
 + Level 5.4 Throwing
 + Level 5.4 Armour
 + Level 7.2 Dodging
 + Level 7.0 Stealth
 + Level 5.4 Shields
 + Level 5.4 Unarmed Combat
 + Level 7.5 Spellcasting
 + Level 5.0 Conjurations
 + Level 4.5 Hexes
 + Level 4.5 Summonings
 + Level 4.5 Necromancy
 + Level 4.5 Translocations
 + Level 4.5 Fire Magic
 + Level 4.5 Ice Magic
 + Level 7.2 Air Magic
 + Level 4.5 Earth Magic
 + Level 4.5 Alchemy
 + Level 6.0 Invocations
 + Level 5.4 Evocations
 + Level 5.0 Shapeshifting


You had 6 spell levels left.
You knew the following spells:

 Your Spells              Type           Power      Damage    Failure   Level
a - Shock                 Conj/Air       100%       1d9       2%          1
b - Swiftness             Air            36%        N/A       4%          3
c - Ensorcelled Hibernat  Hex/Ice        50%        N/A       6%          2
e - Call Imp              Summ           50%        N/A       6%          2
f - Airstrike             Air            18%        2d(3-19)  14%         4
q - Anguish               Hex/Necr       12%        N/A       38%         4
z - Static Discharge      Conj/Air       64%        3-6/arc   3%          2

Your spell library contained the following spells:

 Spells                   Type           Power      Damage    Failure   Level
 Sublimation of Blood     Necr           25%        N/A       6%          2
 Fugue of the Fallen      Necr           25%        N/A       13%         3
 Summon Hydra             Summ           12%        N/A       100%        7


Dungeon Overview and Level Annotations

Branches:
Dungeon (8/15)             Temple (1/1) D:7            Lair (0/5) D:8
Ossuary (visited)

Altars:
Cheibriados
Dithmenos
Elyvilon
Fedhas
Gozag
Hepliaklqana
Kikubaaqudgha
Makhleb
Nemelex Xobeh
Okawaru
Qazlal
Ru
Sif Muna
Trog
Uskayaw
Vehumet
Wu Jian
Xom
Yredelemnul
Zin
The Shining One

Shops:
D:1 ?


Innate Abilities, Weirdness & Mutations

You have very sharp teeth.
Your uncanny sense of smell can sniff out nearby items.
Your experience applies equally to all skills.


Message History

You miss the killer bee.
The killer bee is lightly wounded.
You feel sick.
You are no longer poisoned.
The killer bee stings you.
* * * LOW HITPOINT WARNING * * *
You are poisoned.
The killer bee poisons you! The killer bee barely misses you.
The killer bee misses you. The killer bee closely misses you. x3
Your magical contamination has completely faded away.
Unknown command.
Press: ? - help, v - describe, . - travel
Here: a killer bee The floor.
You feel better.
The killer bee seems to regain its courage.
The killer bee stings you.
You are poisoned.
The killer bee poisons you! The killer bee closely misses you.
The killer bee stings you.
* * * LOW HITPOINT WARNING * * *
The killer bee stings you.
* * * LOW HITPOINT WARNING * * *
The killer bee barely misses you.
Blink to where?
Press: ? - help, Dir - move target
As you read the scroll of blinking, it crumbles to dust.
You feel very sick.
You feel yourself speed up.
You feel sick.
The killer bee seems to regain its courage.
The killer bee closely misses you.
The killer bee stings you but does no damage.
The killer bee barely misses you. The killer bee stings you.
* * * LOW HITPOINT WARNING * * *
You are lethally poisoned!
The killer bee poisons you! The killer bee stings you.
* * * LOW HITPOINT WARNING * * *
The killer bee stings you!
You die...

......# ##.............
..##.## #..............
#.##.# #..............
#.##.# #...)..........
..##.#######..............
#..........ยง..............
...####.####..............
#..##.....##...yy.........
)..#.......#.#.y@..##.....
...#.......#..##..## #####
#.....)_..........#
#..#.......#.####.#
...#.......#.# #.#
...##.....##.####.#
...####.####...##.#
.............#.##.#
).....#####....##.#####


You could see 3 killer bees.

Vanquished Creatures
  A two-headed ogre (D:6)
  A hornet (D:8)
  Sigmund (D:2)
  A warg (D:8)
  A steam dragon (D:7)
  Edmund (D:5)
  A water moccasin (D:6)
  2 orc warriors
  2 ice beasts
  A black bear (D:6)
  2 wolves (D:8)
  4 centaurs
  2 phantoms (D:6)
  Blork the orc (D:6)
  2 bullfrogs
  A gnoll sergeant (D:6)
  2 scorpions
  3 water moccasin zombies (Ossuary)
  10 wights
  A burial acolyte (Ossuary)
  A howler monkey (D:5)
  4 bombardier beetles
  2 jellies (D:5)
  4 hounds
  A spectral scorpion (Ossuary)
  A sleepcap (D:6)
  3 iguanas
  4 orc wizards (D:8)
  Terence (D:2)
  A crocodile zombie (Ossuary)
  2 mummies (Ossuary)
  3 gnolls (D:6)
  11 adders
  2 white imps
  2 ufetubi (D:5)
  2 adder zombies (Ossuary)
  A dart slug (D:2)
  3 ribbon worms
  19 orcs
  10 endoplasms
  4 goblins
  9 hobgoblins
  6 jackals (D:1)
  6 kobolds
  6 quokkas
  7 ball pythons
  7 bats
  A frilled lizard (D:2)
  6 gnoll zombies (Ossuary)
  3 orc zombies (Ossuary)
  A rat (D:1)
173 creatures vanquished.

Vanquished Creatures (others)
  A killer bee (D:8)
1 creature vanquished.

Grand Total: 174 creatures vanquished

Notes
Turn   | Place    | Note
-------+----------+-------------------------------------------
     0 | D:1      | Ignak the Gnoll Air Elementalist began the quest for the
                  | Orb.
     0 | D:1      | Reached XP level 1. HP: 13/13 MP: 6/6
   171 | D:1      | Reached XP level 2. HP: 17/19 MP: 7/7
   285 | D:1      | Learned a level 2 spell: Static Discharge
   615 | D:1      | Reached skill level 5 in Spellcasting
   615 | D:1      | Reached XP level 3. HP: 25/25 MP: 7/9
   689 | D:1      | Learned a level 3 spell: Swiftness
   850 | D:1      | Found Mudyabi's Magic Scroll Shop.
  1234 | D:2      | Reached skill level 1 in Invocations
  1508 | D:2      | Reached skill level 1 in Fighting
  1508 | D:2      | Reached skill level 1 in Short Blades
  1508 | D:2      | Reached skill level 1 in Long Blades
  1508 | D:2      | Reached skill level 1 in Axes
  1508 | D:2      | Reached skill level 1 in Maces & Flails
  1508 | D:2      | Reached skill level 1 in Polearms
  1508 | D:2      | Reached skill level 1 in Staves
  1508 | D:2      | Reached skill level 1 in Ranged Weapons
  1508 | D:2      | Reached skill level 1 in Throwing
  1508 | D:2      | Reached skill level 1 in Armour
  1508 | D:2      | Reached skill level 1 in Shields
  1508 | D:2      | Reached skill level 1 in Unarmed Combat
  1508 | D:2      | Reached skill level 1 in Evocations
  1812 | D:2      | Noticed Sigmund
  1825 | D:2      | Killed Sigmund
  1826 | D:2      | Reached skill level 1 in Hexes
  1826 | D:2      | Reached skill level 1 in Summonings
  1826 | D:2      | Reached skill level 1 in Necromancy
  1826 | D:2      | Reached skill level 1 in Translocations
  1826 | D:2      | Reached skill level 1 in Fire Magic
  1826 | D:2      | Reached skill level 1 in Ice Magic
  1826 | D:2      | Reached skill level 1 in Earth Magic
  1826 | D:2      | Reached skill level 1 in Alchemy
  1826 | D:2      | Reached skill level 1 in Shapeshifting
  1826 | D:2      | Reached XP level 4. HP: 28/33 MP: 1/11
  1826 | D:2      | Reached XP level 5. HP: 33/38 MP: 1/12
  1936 | D:2      | Noticed Terence
  1950 | D:2      | Killed Terence
  1951 | D:2      | Reached XP level 6. HP: 43/44 MP: 7/14
  2394 | D:3      | Reached skill level 5 in Dodging
  2399 | D:3      | Learned a level 4 spell: Airstrike
  2534 | D:3      | Noticed a +0 hand axe
  2534 | D:3      | Noticed a +0 dagger
  2547 | D:3      | Found a hide-covered altar of Uskayaw.
  2828 | D:1      | Bought a scroll of blinking for 97 gold pieces
  3080 | D:1      | Bought a scroll of teleportation for 39 gold pieces
  3772 | D:4      | Found a sand-covered staircase.
  3777 | Ossuary  | Entered an ossuary
  4035 | Ossuary  | Reached XP level 7. HP: 27/51 MP: 1/15
  4336 | Ossuary  | Identified a scroll of acquirement
  4402 | D:4      | Found an ancient bone altar of Kikubaaqudgha.
  4422 | D:4      | Reached skill level 5 in Stealth
  4975 | D:5      | Entered Level 5 of the Dungeon
  5147 | D:5      | Learned a level 2 spell: Call Imp
  5161 | D:5      | Found a stormy altar of Qazlal.
  5200 | D:5      | Reached XP level 8. HP: 52/58 MP: 9/16
  5887 | D:5      | Noticed Edmund
  6220 | D:5      | You are sucked into a shaft and drop 3 floors!
  6229 | D:8      | Found a staircase to the Lair.
  6281 | D:7      | Acquired the +8 arc blade {discharge, rElec}
  6281 | D:7      | Found the +8 arc blade {discharge, rElec}
  6417 | D:7      | Acquired 1014 gold pieces
  6684 | D:5      | Killed Edmund
  7227 | D:6      | Found an ornate altar of the Wu Jian Council.
  7267 | D:6      | Reached XP level 9. HP: 62/65 MP: 5/18
  7395 | D:6      | Noticed Blork the orc
  7401 | D:6      | Killed Blork the orc
  7567 | D:6      | Noticed a two-headed ogre
  7667 | D:6      | Killed a two-headed ogre
  7668 | D:6      | Reached skill level 5 in Invocations
  8222 | D:7      | Identified the +5 falchion "Hietar" {pain, *Noise rC+ Str+5
                  | Dex+2}
  8241 | D:7      | Found a radiant altar of Vehumet.
  8264 | D:7      | Found an iron altar of Okawaru.
  8272 | D:7      | Found a shimmering blue altar of Sif Muna.
  8289 | D:7      | Became a worshipper of Sif Muna the Loreminder
  8342 | D:7      | Found a staircase to the Ecumenical Temple.
  8457 | D:8      | Reached skill level 5 in Fighting
  8457 | D:8      | Reached skill level 5 in Short Blades
  8457 | D:8      | Reached skill level 5 in Long Blades
  8457 | D:8      | Reached skill level 5 in Axes
  8457 | D:8      | Reached skill level 5 in Maces & Flails
  8457 | D:8      | Reached skill level 5 in Polearms
  8457 | D:8      | Reached skill level 5 in Staves
  8457 | D:8      | Reached skill level 5 in Ranged Weapons
  8457 | D:8      | Reached skill level 5 in Throwing
  8457 | D:8      | Reached skill level 5 in Armour
  8457 | D:8      | Reached skill level 5 in Shields
  8457 | D:8      | Reached skill level 5 in Unarmed Combat
  8457 | D:8      | Reached skill level 5 in Evocations
  8457 | D:8      | Reached XP level 10. HP: 43/74 MP: 20/20
  8840 | D:8      | Found an opulent altar of Gozag.
  9090 | Temple   | Entered the Ecumenical Temple
  9307 | D:8      | Paralysed by a hornet for 1 turns
  9458 | D:8      | Reached skill level 5 in Conjurations
  9550 | D:8      | Reached * piety under Sif Muna
  9735 | D:8      | Learned a level 4 spell: Anguish
  9738 | D:8      | Learned a level 2 spell: Ensorcelled Hibernation
  9754 | D:8      | Reached skill level 5 in Shapeshifting
  9792 | D:8      | HP: 2/74 [killer bee (3)]
  9792 | D:8      | Slain by a killer bee

Illustrated notes

Levels and vault maps discovered:
D:1:      kilobyte_arrival_exit_the_forest, layout_loops_ring, serial_shops,
          nicolae_shop_rolled_up, minivault_4, minmay_misc_feat_room,
          minmay_misc_feat_iff
D:2:      layout_loops_corners, uniq_terence, uniq_sigmund
D:3:      layout_basic, dancing_weapons_uskayaw, nicolae_hexahallways,
          glass_columns_a
D:4:      layout_rooms, mainiacjoe_overflow_paths, enter_ossuary_5,
          kennysheep_generic_room_9
D:5:      layout_loops_corners, nicolae_qazlal_general_emergency, uniq_edmund
D:6:      minmay_chambers_of_fours, layout_cave_pools,
          nicolae_overflow_crystal_walls, uniq_blork_the_orc
D:7:      layout_gridville, minitemple, kennysheep_little_box,
          minmay_temple_entry_from_below_b, nrook_loot_triangle
D:8:      layout_rooms, old_standard_altar, erik_lair_orcish_takeover
Temple:   compressed_dpeg_triangle_lava_temple

Skill      XL: |  1  2  3  4  5  6  7  8  9 10 |
---------------+-------------------------------+-----
Conjurations   | 2 3 4 5 |  5.0
Spellcasting   | 5 6 7 |  7.5
Invocations    | 2 3 4 5 6 |  6.0
Fighting       | 1 2 3 5 |  5.4
Short Blades   | 1 2 3 5 |  5.4
Long Blades    | 1 2 3 5 |  5.4
Axes           | 1 2 3 5 |  5.4
Maces & Flails | 1 2 3 5 |  5.4
Polearms       | 1 2 3 5 |  5.4
Staves         | 1 2 3 5 |  5.4
Ranged Weapons | 1 2 3 5 |  5.4
Throwing       | 1 2 3 5 |  5.4
Armour         | 1 2 3 5 |  5.4
Shields        | 1 2 3 5 |  5.4
Unarmed Combat | 1 2 3 5 |  5.4
Evocations     | 1 2 3 5 |  5.4
Hexes          | 1 2 3 4 |  4.5
Summonings     | 1 2 3 4 |  4.5
Necromancy     | 1 2 3 4 |  4.5
Translocations | 1 2 3 4 |  4.5
Fire Magic     | 1 2 3 4 |  4.5
Ice Magic      | 1 2 3 4 |  4.5
Earth Magic    | 1 2 3 4 |  4.5
Alchemy        | 1 2 3 4 |  4.5
Shapeshifting  | 1 2 3 4 5 |  5.0
Dodging        | 5 6 7 |  7.2
Stealth        | 5 6 7 |  7.0
Air Magic      | 6 7 |  7.2

Action                     |  1- 3 |  4- 6 |  7- 9 | 10-12 || total
---------------------------+-------+-------+-------+-------++-------
  Melee: Short sword       |    23 |       |       |       ||    23
         Bite              |     4 |     8 |    11 |     4 ||    27
         Spear             |    28 |       |       |       ||    28
         Dagger            |     9 |    46 |       |       ||    55
         Punch             |     1 |     1 |     8 |     4 ||    14
         Hand axe          |       |    37 |    54 |       ||    91
         Rapier            |       |       |    84 |    55 ||   139
  Throw: Dart              |       |       |     4 |     2 ||     6
   Cast: Shock             |    55 |    43 |    27 |       ||   125
         Static Discharge  |     3 |     9 |    14 |     2 ||    28
         Airstrike         |       |     5 |    32 |     6 ||    43
         Swiftness         |       |     1 |     2 |     2 ||     5
         Call Imp          |       |       |     4 |     1 ||     5
         Anguish           |       |       |       |     1 ||     1
  Evoke: Wand              |       |       |     1 |       ||     1
    Use: Scroll            |       |     6 |     7 |     4 ||    17
         Potion            |       |     3 |     2 |     1 ||     6
   Stab: Sleeping          |     3 |     3 |     8 |       ||    14
         Distracted        |       |     1 |     1 |       ||     2
 Armour: Robe              |    28 |       |       |       ||    28
         Leather armour    |    11 |    64 |   140 |    46 ||   261
         Ring mail         |       |       |       |    24 ||    24
  Dodge: Dodged            |    49 |    49 |   111 |    49 ||   258

Table legend: (Time is in decaauts)
 A = Elapsed time spent in this place.
 B = Non-inter-level travel time spent in this place.
 C = Inter-level travel time spent in this place.
 D = Time resting spent in this place.
 E = Time spent auto-exploring this place.
 F = Levels seen in this place.
 G = Mean time per level.
                   A        B        C        D        E       F      G
               +--------+--------+--------+--------+--------+-----+--------+
         Total |   9818 |   9350 |    468 |   2206 |   4358 |  10 |  981.8 |
       Dungeon |   9220 |   8752 |    468 |   1880 |   4342 |   8 | 1152.5 |
        Temple |      5 |      5 |      0 |      0 |      0 |   1 |    5.0 |
       Ossuary |    592 |    592 |      0 |    326 |     16 |   1 |  592.0 |
               +--------+--------+--------+--------+--------+-----+--------+

Top non-repeatable levels by time:
     D:5: 1543 daAuts
     D:2: 1358 daAuts
     D:1: 1259 daAuts
     D:7: 1245 daAuts
     D:3: 1064 daAuts
     D:8: 999 daAuts
     D:6: 948 daAuts
     D:4: 802 daAuts
 Ossuary: 592 daAuts
  Temple: 5 daAuts
